[ AOE2 MATCH · #507836882 ]
UnrankedWu vs Bengalis
Player's team · WIN
Rival team · LOSS
[ REPLAY ANALYSIS · EXTRACTED FROM THE RECORDED GAME ]
Feudal
8:51
Castle
—
Imperial
—
| APM avg | 56.3 |
| APM peak | 93 |
| eAPM avg | 25.2 |
| Villagers / military | 49 / 26 |
Focus
⚔️ 54.4% · 🌾 45.6%
Archer ×17 · Militia ×9
Feudal
10:13
Castle
—
Imperial
—
| APM avg | 34.1 |
| APM peak | 55 |
| eAPM avg | 17.0 |
| Villagers / military | 24 / 0 |
Focus
⚔️ 42.5% · 🌾 57.5%
Match map
Initial resources + every placement click. Lines = walls · curves = elevation contours. ◆ gold · ⬟ stone · ● berries · ✦ relic · ◌ wall gap
Your base· Open — unwalled flank
BigLez99's base· Open — unwalled flank
Smoothed initial terrain · ◌ = detected wall gap · hover for details
Inputs per minute
— 250130 - - BigLez99
Build order — 250130
116 actions detected in the replay
| 0:00 | Queue | Villager (Male) |
| 0:01 | Queue | Villager (Male) |
| 0:01 | Queue | Villager (Male) |
| 0:02 | Build | House |
| 0:02 | Build | House |
| 0:12 | Queue | Villager (Male) |
| 1:20 | Queue | Villager (Male) |
| 1:20 | Queue | Villager (Male) |
| 1:38 | Queue | Villager (Male) |
| 1:38 | Queue | Villager (Male) |
| 1:49 | Build | Lumber Camp |
| 2:23 | Queue | Villager (Male) |
| 2:23 | Queue | Villager (Male) |
| 2:23 | Queue | Villager (Male) |
| 2:57 | Queue | Villager (Male) |
| 2:57 | Queue | Villager (Male) |
| 3:35 | Queue | Villager (Male) |
| 3:51 | Build | House |
| 3:54 | Queue | Villager (Male) |
| 3:54 | Queue | Villager (Male) |
| 4:09 | Queue | Villager (Male) |
| 4:10 | Queue | Villager (Male) |
| 4:10 | Queue | Villager (Male) |
| 4:11 | Queue | Villager (Male) |
| 4:45 | Build | House |
| 4:54 | Queue | Villager (Male) |
| 5:07 | Build | Barracks |
| 5:31 | Queue | Villager (Male) |
| 5:50 | Build | House |
| 6:05 | Research | Loom |
| 6:35 | Research | Feudal Age |
| 6:36 | Research | Feudal Age |
| 6:37 | Queue | Militia |
| 6:54 | Queue | Militia |
| 7:11 | Queue | Militia |
| 7:19 | Build | Mining Camp |
| 7:34 | Queue | Villager (Male) |
| 7:53 | Queue | Militia |
| 7:58 | Queue | Militia |
| 8:43 | Queue | Villager (Male) |
| 8:51 | Age | Feudal Age |
| 8:56 | Research | Man-at-Arms (upgrade) |
| 8:57 | Research | Man-at-Arms (upgrade) |
| 9:05 | Build | Archery Range |
| 9:16 | Queue | Villager (Male) |
| 9:16 | Queue | Villager (Male) |
| 9:18 | Build | Mill |
| 10:00 | Queue | Villager (Male) |
| 10:00 | Queue | Villager (Male) |
| 10:10 | Build | Watch Tower |
| 10:32 | Queue | Villager (Male) |
| 10:32 | Queue | Villager (Male) |
| 10:33 | Build | Farm |
| 10:35 | Build | House |
| 10:45 | Queue | Villager (Male) |
| 11:10 | Build | Watch Tower |
| 11:11 | Queue | Archer |
| 11:11 | Queue | Archer |
| 11:12 | Queue | Villager (Male) |
| 11:13 | Queue | Villager (Male) |
| 11:20 | Queue | Villager (Male) |
| 11:27 | Queue | Archer |
| 11:48 | Build | Watch Tower |
| 11:51 | Queue | Militia |
| 11:54 | Build | House |
| 11:55 | Build | Farm |
| 11:57 | Build | Farm |
| 12:01 | Build | House |
| 12:04 | Queue | Archer |
| 12:04 | Queue | Archer |
| 12:14 | Queue | Villager (Male) |
| 12:22 | Build | Farm |
| 12:27 | Build | Farm |
| 12:30 | Build | Farm |
| 12:32 | Build | Farm |
| 12:35 | Queue | Archer |
| 12:52 | Queue | Villager (Male) |
| 13:08 | Build | Blacksmith |
| 13:09 | Queue | Villager (Male) |
| 13:24 | Queue | Archer |
| 13:29 | Build | House |
| 13:30 | Build | Palisade Wall |
| 13:30 | Build | Palisade Wall |
| 13:37 | Research | Double-Bit Axe |
| 13:45 | Queue | Archer |
| 13:45 | Queue | Archer |
| 13:47 | Queue | Villager (Male) |
| 14:06 | Research | Fletching |
| 14:06 | Research | Fletching |
| 14:07 | Queue | Archer |
| 14:08 | Queue | Archer |
| 14:08 | Queue | Archer |
| 14:27 | Queue | Villager (Male) |
| 14:27 | Queue | Villager (Male) |
| 14:29 | Build | Farm |
| 14:31 | Build | Farm |
| 14:48 | Queue | Archer |
| 14:50 | Queue | Villager (Male) |
| 14:50 | Queue | Villager (Male) |
| 14:59 | Build | Farm |
| 15:15 | Research | Arson |
| 15:16 | Queue | Villager (Male) |
| 15:32 | Queue | Archer |
| 15:33 | Queue | Villager (Male) |
| 15:33 | Queue | Villager (Male) |
| 15:52 | Queue | Villager (Male) |
| 15:53 | Queue | Villager (Male) |
| 15:59 | Build | House |
| 16:07 | Queue | Archer |
| 16:22 | Queue | Militia |
| 16:22 | Queue | Militia |
| 16:37 | Queue | Villager (Male) |
| 16:43 | Queue | Militia |
| 17:03 | Queue | Archer |
| 17:03 | Queue | Archer |
| 17:04 | Queue | Villager (Male) |
Build order — BigLez99
50 actions detected in the replay
| 0:01 | Queue | Villager (Male) |
| 0:01 | Queue | Villager (Male) |
| 0:03 | Build | House |
| 0:06 | Build | House |
| 0:30 | Queue | Villager (Male) ×2 |
| 1:55 | Queue | Villager (Male) |
| 1:55 | Queue | Villager (Male) |
| 2:25 | Queue | Villager (Male) |
| 2:25 | Queue | Villager (Male) |
| 2:49 | Queue | Villager (Male) |
| 2:49 | Queue | Villager (Male) |
| 3:20 | Queue | Villager (Male) |
| 3:38 | Queue | Villager (Male) |
| 3:39 | Queue | Villager (Male) |
| 3:49 | Build | House |
| 3:50 | Build | House |
| 4:05 | Build | Lumber Camp |
| 4:09 | Queue | Villager (Male) |
| 4:09 | Queue | Villager (Male) |
| 4:30 | Queue | Villager (Male) ×2 |
| 5:30 | Build | Palisade Wall |
| 5:46 | Queue | Villager (Male) |
| 5:47 | Queue | Villager (Male) |
| 6:09 | Build | Mill |
| 6:25 | Queue | Villager (Male) |
| 6:25 | Queue | Villager (Male) |
| 6:59 | Build | Palisade Wall |
| 7:16 | Queue | Villager (Male) |
| 7:21 | Research | Loom |
| 7:40 | Build | Palisade Wall |
| 7:40 | Build | Palisade Wall |
| 7:41 | Build | Palisade Wall |
| 8:03 | Research | Feudal Age |
| 8:28 | Build | House |
| 8:43 | Build | Palisade Wall |
| 8:44 | Build | Palisade Wall |
| 10:13 | Age | Feudal Age |
| 10:17 | Queue | Villager (Male) |
| 10:17 | Queue | Villager (Male) |
| 10:26 | Build | Market |
| 10:40 | Build | Market |
| 10:45 | Build | House |
| 11:00 | Build | Blacksmith |
| 11:36 | Build | Watch Tower |
| 13:15 | Build | Mining Camp |
| 13:35 | Build | Lumber Camp |
| 14:11 | Build | Farm |
| 14:13 | Build | Farm |
| 14:38 | Research | Castle Age |
| 16:45 | Build | Mining Camp |
Match timeline
| 5:07 | 250130 · first_building Barracks |
| 5:30 | BigLez99 · wall_segment Palisade Wall x7 |
| 6:59 | BigLez99 · wall_segment Palisade Wall x12 |
| 7:40 | BigLez99 · wall_segment Palisade Wall x1 |
| 7:40 | BigLez99 · wall_segment Palisade Wall x1 |
| 7:41 | BigLez99 · wall_segment Palisade Wall x1 |
| 8:43 | BigLez99 · wall_segment Palisade Wall x1 |
| 8:44 | BigLez99 · wall_segment Palisade Wall x1 |
| 8:51 | 250130 · age_up feudal |
| 9:05 | 250130 · first_building Archery Range |
| 10:13 | BigLez99 · age_up feudal |
| 12:15 | BigLez99 · first_market_sell 100 stone |
| 13:30 | 250130 · wall_segment Palisade Wall x1 |
| 13:30 | 250130 · wall_segment Palisade Wall x1 |
| 14:28 | BigLez99 · first_market_buy 100 food |
| 17:14 | BigLez99 · resign |
[ AI ANALYSIS · 1 CREDIT ]
What really happened in this match?
Wolo.gg analyzes every decision: build order, eco, micro, common mistakes by bracket. Personalized analysis on WhatsApp or Discord in 30 seconds.
Civ guide
Wu
Perfil
Jugador #24046675